 Dungeon Crawl Stone Soup version 0.27.1-34-g3ba077fa99 (webtiles) character file.

Game seed: 15204439835938679512

4 DarkBird the Skirmisher (level 1, 19/19 HPs)
             Began as a Draconian Abyssal Knight on Jan 28, 2022.
             Was an Initiate of Lugonu.
             Quit the game on level 1 of the Dungeon.
             The game lasted 00:01:22 (750 turns).

DarkBird the Skirmisher (Draconian Abyssal Knight)   Turns: 750, Time: 00:01:22

Health: 19/19      AC:  4    Str: 14    XL:     1   Next: 58%
Magic:  2/2        EV: 12    Int: 12    God:    Lugonu [......]
Gold:   36         SH:  0    Dex: 10    Spells: 0/0 levels left

rFire    . . .     SeeInvis .   a - +1 hand axe
rCold    . . .     Faith    .   (no shield)
rNeg     . . .     Spirit   .   (armour unavailable)
rPois    .         Reflect  .   (helmet restricted)
rElec    .         Harm     .   (no cloak)
rCorr    .         Rampage  .   (no gloves)
Will     .....                  (no boots)
Stlth    +.........             (no amulet)
HPRegen  0.06/turn              (no ring)
MPRegen  0.08/turn              (no ring)

@: no status effects
A: AC +4, unfitting armour, cold-blooded
a: Renounce Religion


You were on level 1 of the Dungeon.
You worshipped Lugonu.
Lugonu was noncommittal.
You visited 1 branch of the dungeon, and saw 1 of its levels.
You visited the Abyss 1 time.

You collected 36 gold pieces.

Inventory:

Hand Weapons
 a - a +1 hand axe (weapon)
Scrolls
 c - a scroll of enchant weapon {unknown}
 d - a scroll of enchant armour {unknown}
 e - a scroll of noise {unknown}
 f - a scroll of teleportation {unknown}
Potions
 b - a potion of attraction {unknown}


   Skills:
 + Level 3.4 Fighting
 + Level 2.2 Axes
 + Level 2.1 Dodging
 + Level 2.0 Invocations


You couldn't memorise any spells.
You didn't know any spells.
Your spell library was empty.

Dungeon Overview and Level Annotations

Branches:
Dungeon (1/15)

Altars:


Innate Abilities, Weirdness & Mutations

Your plain brown scales are hard. (AC +4)
You cannot fit into any form of body armour.
You are cold-blooded and may be slowed by cold attacks.


Message History

The kobold is moderately wounded.
The kobold hits you but does no damage.
Cleave: a) +1 hand axe
Press: ? - help, Dir - move target, f/p - kobold
Aim: a kobold, wielding a +0 short sword (moderately wounded, about 47% to evade your +1 hand axe)
You barely miss the kobold. You tail-slap the kobold.
You kill the kobold!
Lugonu accepts your kill.
Unknown command.
Things that are here:
a +0 short sword; a kobold corpse
Found a scroll labelled QIUKESCH XUSMI.
e - a scroll labelled QIUKESCH XUSMI
Found a stone staircase leading down.
There is a stone staircase leading down here.
You open the door.
There is an open door here.
You open the large door.
There is a large open door here.
A bat comes into view.
A bat is nearby!
The bat misses you. The bat barely misses you.
You barely miss the bat. The bat completely misses you.
The bat hits you but does no damage.
You hit the bat but do no damage.
Your tail-slap misses the bat.
The bat barely misses you. The bat hits you but does no damage.
The bat closely misses you. The bat misses you.
You hit the bat.
You kill the bat!
Lugonu accepts your kill.
You see here a bat corpse.
Found a stone staircase leading down.
Found a scroll labelled UJOGYW ETUOCHUY and 24 arrows.
f - a scroll labelled UJOGYW ETUOCHUY
Found a stone staircase leading down.
A bat comes into view.
A bat is nearby!
Unknown command.
Are you sure you want to abandon this character and quit the game? (Confirm with "yes".)

### #.# ######
#.####### #....#
#......b. #....# #@#
######....######.#####
....................>#
#.####....######.###.#
#(# ###### #.# #.. #.#
#... #.# #.... #.#
#..... #.#


You could see a bat (asleep).

Vanquished Creatures
  A bat (D:1)
  A hobgoblin (D:1)
  2 kobolds (D:1)
4 creatures vanquished.

Notes
Turn   | Place    | Note
-------+----------+-------------------------------------------
     0 | Abyss:1  | DarkBird the Draconian Abyssal Knight began the quest for
                  | the Orb.
     0 | Abyss:1  | Reached XP level 1. HP: 19/19 MP: 2/2
   111 | Abyss:1  | Noticed a ynoxinul
   119 | D:1      | Escaped the Abyss
   750 | D:1      | Quit the game

Illustrated notes

Levels and vault maps discovered:
D:1:      dpeg_arrival_refuge, layout_basic, serial_curves, eino_curves_01,
          eino_curves_03, shapermc_ecumenical_altar_ellora,
          kennysheep_another_room

Action                   || total
-------------------------++-------
Melee: Hand axe          ||    14
       Tailslap          ||     4
Invok: Depart the Abyss  ||     1
Armor: Skin              ||     4
Dodge: Dodged            ||    11
